 Dungeon Crawl Stone Soup version 0.30.0-5-g1a98f26d00 (webtiles) character file.

Game seed: 5134769918024731805

3788 sampeng1 the Chopper (level 10, -1/118 HPs)
             Began as a Human Berserker on May 8, 2023.
             Was an Elder of Trog.
             Succumbed to a hornet's poison
             ... on level 8 of the Dungeon on May 9, 2023.
             The game lasted 00:31:40 (8000 turns).

sampeng1 the Chopper (Human Berserker)              Turns: 8000, Time: 00:31:40

Health: -1/118     AC: 19    Str: 23    XL:     10   Next: 39%
Magic:  1/19       EV: 12    Int:  7    God:    Trog [****..]
Gold:   349        SH:  5    Dex: 12    Spells: 9/9 levels left

rFire   . . .        t - +7 war axe (protect)
rCold   + . .        o - +0 buckler
rNeg    . . .        u - +0 scale mail of Kaysharch {rC+ MP+9}
rPois   .            (no helmet)
rElec   .            y - +0 cloak
rCorr   .            e - +1 pair of gloves {infuse}
SInv    .            H - +0 pair of boots
Will    .....        g - amulet of guardian spirit Stlth
                     l - ring of ice
HPRegen 0.39/turn    m - ring of fire
MPRegen 0.16/turn

%: guardian spirit, infuse magic (1 MP)
@: berserking, lethally poisoned (-1 -> -15), under a protective aura, slowed
A: no striking features
a: Renounce Religion, Berserk, Trog's Hand, Brothers in Arms


You were on level 8 of the Dungeon.
You worshipped Trog.
Trog was greatly pleased with you.
You visited 1 branch of the dungeon, and saw 8 of its levels.
You also visited: Sewer.

You collected 349 gold pieces.

Inventory:

Hand Weapons
 t - a +7 war axe of protection (weapon)
Missiles
 x - 6 boomerangs (quivered)
Armour
 b - a +0 animal skin
 c - a scarf of shadows
 e - a +1 pair of gloves of infusion (worn)
 h - a +0 chain mail
 o - a +0 buckler (worn)
 u - the +0 scale mail of Kaysharch (worn) {rC+ MP+9}
   (You found it on level 4 of the Dungeon)

   rC:        It protects you from cold.
   MP:        It affects your magic capacity (+9).
 y - a +0 cloak (worn)
 G - the +2 leather armour of Masochism {rCorr}
   (You found it on level 7 of the Dungeon)

   rCorr:     It protects you from acid and corrosion.
 H - a +0 pair of boots (worn)
Jewellery
 g - an amulet of guardian spirit (around neck)
 l - a ring of ice (left hand)
 m - a ring of fire (right hand)
 z - the amulet of the Oligarchy {Spirit rC+ rN++ Will- rCorr}
   (You found it on level 4 of the Dungeon)

   [amulet of guardian spirit]

   It causes incoming damage to be divided between your reserves of health and
   magic.
   rC:        It protects you from cold.
   rN:        It greatly protects you from negative energy.
   rCorr:     It protects you from acid and corrosion.
   Will:      It decreases your willpower.
 I - a +4 ring of protection
Wands
 r - a wand of acid (11)
 J - a wand of roots (11)
Scrolls
 f - 5 scrolls of teleportation
 j - a scroll of enchant armour
 k - a scroll of enchant weapon
 q - 4 scrolls of identify
 F - a scroll of magic mapping
Potions
 a - 5 potions of lignification
 d - 6 potions of curing
 i - 3 potions of attraction
 n - 2 potions of mutation
 p - 4 potions of magic
 v - 3 potions of resistance
 A - a potion of invisibility
 B - 2 potions of flight
 E - a potion of degeneration
 K - a potion of brilliance


   Skills:
 + Level 7.3 Fighting
 + Level 7.4 Axes
 + Level 6.6 Armour
 + Level 6.4 Dodging
 + Level 6.0 Shields


You had 9 spell levels left.
You didn't know any spells.
Your spell library was empty.

Dungeon Overview and Level Annotations

Branches:
Dungeon (8/15)             Temple (0/1) D:6           Sewer (visited)
   Lair: D:8-11

Altars:
Dithmenos
Elyvilon
Makhleb
Okawaru
Qazlal
Xom


Message History

The hornet closely misses you.
The hornet stings you but does no damage.
The orc misses you. You block the hornet's attack. The orc closely misses you.
A red film seems to cover your vision as you go berserk!
You feel yourself moving faster!
You feel mighty! You block the hornet's attack. You block the orc's attack.
The hornet barely misses you.
You slash the hornet!
Your weapon exudes an aura of protection.
The hornet is heavily wounded.
You feel yourself speed up. The hornet closely misses you.
The orc hits you but does no damage. The hornet stings you.
* * * LOW HITPOINT WARNING * * *
You suddenly lose the ability to move!
The orc hits you but does no damage. The hornet stings you.
* * * LOW HITPOINT WARNING * * *
You are poisoned.
You feel yourself slow down.
You feel yourself speed up.
You feel very sick.
The hornet stings you but does no damage.
The orc hits you from afar with a +0 trident!
* * * LOW HITPOINT WARNING * * *
The hornet stings you.
* * * LOW HITPOINT WARNING * * *
You are more poisoned.
You feel yourself slow down.
You can move again.
You slash the hornet!
Your weapon exudes an aura of protection.
The hornet is severely wounded.
* * * LOW HITPOINT WARNING * * *
You feel very sick. You block the hornet's attack. The orc misses you.
The hornet stings you but does no damage.
The orc barely misses you.
You miss the hornet.
The hornet is severely wounded.
You die...

#......# #......# #
#......#.#
#......#.#
#<.......# #......#.
# #......# .#
#......#.#####.#.#
#......#...@)oo..#
#......#####y######
#...................
#............#......
#......###+###...##.
#......# ..#
........# ...+
~~~~≈~~.+ ..#
~#####~.. .##


You could see a hornet and 2 orcs.

Vanquished Creatures
  Pikel (D:5)
  Joseph (D:7)
  Prince Ribbit (D:7)
  Eustachio (D:5)
  2 steam dragons
  2 water moccasins
  A black bear (D:6)
  A sky beast (D:7)
  3 ice beasts
  2 ogres (D:6)
  2 centaurs (D:6)
  A phantom (D:4)
  A kobold brigand (D:7)
  3 bullfrogs
  A scorpion (D:7)
  3 wights (D:3)
  3 hounds
  4 jellies
  3 orc priests
  A gnoll bouda (D:6)
  An iguana (D:6)
  Ijyb (D:5)
  4 orc wizards
  3 gnolls (D:6)
  13 adders
  3 white imps
  2 worms
  5 dart slugs
  13 orcs
  19 ball pythons
  15 endoplasms
  8 giant cockroaches
  4 goblins
  8 hobgoblins
  14 jackals
  10 kobolds
  8 quokkas
  3 bats
  16 frilled lizards
  6 rats
193 creatures vanquished.

Vanquished Creatures (others)
  An orc wizard (D:6)
1 creature vanquished.

Grand Total: 194 creatures vanquished

Notes
Turn   | Place    | Note
-------+----------+-------------------------------------------
     0 | D:1      | sampeng1 the Human Berserker began the quest for the Orb.
     0 | D:1      | Reached XP level 1. HP: 18/18 MP: 1/1
    46 | D:1      | Reached XP level 2. HP: 22/24 MP: 2/2
   295 | D:1      | Found a faded altar of an unknown god.
   404 | D:1      | Identified a scroll of acquirement
   404 | D:1      | Acquired a +1 pair of gloves of infusion
   448 | D:2      | Reached XP level 3. HP: 22/29 MP: 0/3
   828 | D:2      | Reached ** piety under Trog
   829 | D:2      | Reached XP level 4. HP: 36/36 MP: 0/4
  1824 | D:3      | Reached XP level 5. HP: 42/42 MP: 1/5
  2531 | D:3      | Reached skill level 1 in Shields
  2531 | D:3      | Reached XP level 6. HP: 39/48 MP: 0/6
  2948 | D:4      | Reached *** piety under Trog
  3054 | D:4      | Reached XP level 7. HP: 45/55 MP: 1/7
  3119 | D:4      | Identified the +0 scale mail of Kaysharch {rC+ MP+9}
  3143 | D:4      | Found a glowing drain.
  3167 | Sewer    | Entered a sewer
  3607 | Sewer    | Reached **** piety under Trog
  3683 | Sewer    | Reached skill level 5 in Axes
  3882 | D:4      | Noticed a steam dragon
  3890 | D:4      | Killed a steam dragon
  3891 | D:4      | Reached skill level 5 in Fighting
  3891 | D:4      | Reached XP level 8. HP: 11/62 MP: 0/8
  3897 | D:4      | Identified the amulet of the Oligarchy {Spirit rC+ rN++
                  | Will- rCorr}
  4012 | D:4      | Found a shadowy altar of Dithmenos.
  4314 | D:4      | Found a shimmering altar of Xom.
  4509 | D:5      | Entered Level 5 of the Dungeon
  4540 | D:5      | Noticed Eustachio
  4547 | D:5      | Killed Eustachio
  4663 | D:5      | Noticed Ijyb
  4682 | D:5      | Killed Ijyb
  5336 | D:5      | Found a stormy altar of Qazlal.
  5336 | D:5      | Noticed Pikel
  5346 | D:5      | Killed Pikel
  5347 | D:5      | Reached skill level 5 in Armour
  5347 | D:5      | Reached skill level 5 in Dodging
  5347 | D:5      | Reached XP level 9. HP: 69/69 MP: 1/9
  6106 | D:6      | Reached skill level 5 in Shields
  6419 | D:6      | Found a staircase to the Ecumenical Temple.
  6827 | D:7      | Reached XP level 10. HP: 77/77 MP: 10/10
  6904 | D:7      | Found an iron altar of Okawaru.
  7026 | D:7      | Noticed Prince Ribbit
  7035 | D:7      | Killed Prince Ribbit
  7252 | D:7      | Noticed Joseph
  7265 | D:7      | Killed Joseph
  7276 | D:7      | Found a burning altar of Makhleb.
  7287 | D:7      | Identified the +2 leather armour of Masochism {rCorr}
  7844 | D:7      | Found a white marble altar of Elyvilon.
  7985 | D:8      | Paralysed by a hornet for 2 turns
  7989 | D:8      | Paralysed by a hornet for 3 turns
  7996 | D:8      | Paralysed by a hornet for 3 turns
  7999 | D:8      | HP: 3/118 [poisoned by a hornet]
  8000 | D:8      | Succumbed to a hornet's poison

Illustrated notes

Levels and vault maps discovered:
D:1:      dpeg_arrival_rhombus, layout_rooms, ebering_ecumenical_altar_box
D:2:      layout_loops_corners, patterned_corridor
D:3:      layout_basic
D:4:      layout_loops_ring, lemuel_round_altar,
          nicolae_dithmenos_through_a_glass_darkly, gup_sewer_entry_glass,
          minmay_misc_feat_plants
D:5:      nicolae_BIG_FREAKIN_CUBE, layout_basic, old_standard_altar,
          uniq_pikel, uniq_eustachio, uniq_ijyb
D:6:      layout_gridville, minmay_temple_entry_antechambers,
          kb_lookout_dungeons_type
D:7:      layout_loops_ring, bloody_makhleb, lemuel_coloured_pillars_altar,
          mainiacjoe_overflow_catwalk, chequers_serial_rivers_room_b,
          uniq_prince_ribbit1, uniq_joseph
D:8:      layout_gridville, tso_oasis_becter, general_overflow_altar,
          enter_bailey_3, minmay_the_grid_2x2 [minmay_the_grid_medium_cups,
          minmay_the_grid_embedded, minmay_the_grid_holed_spiral,
          minmay_the_grid_prize_trominoes], uniq_maggie

Skill      XL: |  1  2  3  4  5  6  7  8  9 10 |
---------------+-------------------------------+-----
Axes           | 4 5 6 7 |  7.4
Fighting       | 4 5 6 7 |  7.3
Shields        | 1 2 4 5 6 |  6.0
Armour         | 3 4 5 6 |  6.6
Dodging        | 3 5 6 |  6.4

Action                     |  1- 3 |  4- 6 |  7- 9 | 10-12 || total
---------------------------+-------+-------+-------+-------++-------
  Melee: Hand axe          |    64 |   119 |       |       ||   183
         War axe           |       |    28 |   230 |    43 ||   301
  Throw: Boomerang         |       |       |     2 |       ||     2
 Invoke: Berserk           |       |     3 |     4 |     2 ||     9
         Trog's Hand       |       |       |     2 |       ||     2
    Use: Scroll            |     3 |     3 |     7 |     5 ||    18
         Potion            |       |       |     7 |     1 ||     8
 Armour: Animal skin       |     3 |       |       |       ||     3
         Chain mail        |    35 |    75 |   122 |       ||   232
         Scale mail        |       |       |     8 |    46 ||    54
  Dodge: Dodged            |    32 |    41 |   102 |    33 ||   208
  Block: Buckler           |       |    17 |    44 |    13 ||    74
